 Dungeon Crawl Stone Soup version 0.31.0-11-ge490571c62 (webtiles) character file.

Game seed: 78649483838146200

2023 Buffagor the Insei (level 9, -3/68 HPs)
             Began as a Demonspawn Shapeshifter on Jan 31, 2024.
             Killed by divine providence
             ... invoked by Jeremiah
              (13 damage)
             ... on level 6 of the Dungeon.
             The game lasted 00:13:56 (6202 turns).

Buffagor the Insei (Demonspawn Shapeshifter)        Turns: 6202, Time: 00:13:56

Health: -3/68      AC:  2    Str: 20    XL:     9   Next: 3%
Magic:  9/9        EV: 15    Int: 11    God:
Gold:   252        SH:  0    Dex: 21    Spells: 8/8 levels left

rFire   . . .        a - +6 short sword of the Thieving Gods {speed, Str+6 Stlth-}
rCold   . . .        (no shield)
rNeg    . . .        e - +0 animal skin
rPois   .            (helmet currently unavailable)
rElec   .            (cloak currently unavailable)
rCorr   +            (gloves currently unavailable)
SInv    .            (boots currently unavailable)
Will    .....        (no amulet)
Stlth   +++          y - ring of resist corrosion
HPRegen 0.31/turn    (no ring)
MPRegen 0.22/turn

%: no passive effects
@: lethally poisoned (-3 -> -6), beast-form
A: beast (slay +2), hooves 1, thin skeletal structure 2, magic regeneration
a: Begin Untransformation


You were on level 6 of the Dungeon.
You were a hulking beast.
You visited 2 branches of the dungeon, and saw 7 of its levels.

You collected 252 gold pieces.

Inventory:

Hand Weapons
 a - the +6 short sword of the Thieving Gods (weapon) {speed, Str+6 Stlth-}
   (You found it on level 2 of the Dungeon)

   Str+6:     It affects your strength (+6).
   Stlth-:    It makes you less stealthy.
 b - a +0 orcbow
 D - a +0 sling
Missiles
 p - 13 poisoned darts
 B - 15 stones
Armour
 e - a +0 animal skin (worn)
 j - a +0 pair of boots
 m - a +0 pair of boots
 s - a +0 pair of gloves
Jewellery
 y - a ring of resist corrosion (left hand)
Talismans
 c - a beast talisman
 d - a flux talisman
 E - a serpent talisman
Wands
 u - a wand of polymorph (7)
 v - a wand of flame (10)
 H - a wand of charming (10)
Scrolls
 f - 9 scrolls of identify {unknown}
 g - 2 scrolls of noise {unknown}
 h - a scroll of immolation {unknown}
 i - 3 scrolls of brand weapon {unknown}
 k - 3 scrolls of enchant weapon {unknown}
 n - a scroll of enchant armour {unknown}
 q - 3 scrolls of vulnerability {unknown}
 w - a scroll of fog {unknown}
 x - 2 scrolls of teleportation {unknown}
 z - a scroll of amnesia {unknown}
 F - a scroll of torment {unknown}
Potions
 l - 2 potions of might {unknown}
 o - 2 potions of curing {unknown}
 r - a potion of degeneration {unknown}
 t - 2 potions of attraction {unknown}
 A - a potion of brilliance {unknown}
 C - a potion of mutation {unknown}
 G - a potion of haste {unknown}
 I - a potion of ambrosia {unknown}


   Skills:
 + Level 5.2 Fighting
 + Level 5.0 Dodging
 * Level 7.4 Unarmed Combat
 + Level 5.1 Shapeshifting


You had 8 spell levels left.
You didn't know any spells.
Your spell library was empty.

Dungeon Overview and Level Annotations

Branches:
Dungeon (6/15)             Temple (1/1) D:5

Altars:
Ashenzari
Cheibriados
Fedhas
Gozag
Hepliaklqana
Kikubaaqudgha
Makhleb
Nemelex Xobeh
Okawaru
Qazlal
Ru
Sif Muna
Trog
Vehumet
Wu Jian
Xom

Shops:
D:6 (

Annotations:
D:6 Jeremiah


Innate Abilities, Weirdness & Mutations

You are a hulking beast.
Your limbs bulge with bestial killing power. (Slay +2)
You have large cloven feet.
You have a moderately thin skeletal structure. (Dex +4, Stealth++)
You regenerate magic rapidly.


Message History

Jeremiah is moderately wounded.
The butterfly disappears in a burst of colours!
Jeremiah hops!
The grasping roots constrict you!
The roots grasp on you weakens, but your attempt to escape fails.
The grasping roots constrict you.
The grasping roots release their grip on you.
You hit the scorpion but do no damage. You punch the scorpion.
The scorpion is lightly wounded.
The scorpion closely misses you.
You closely miss the scorpion. You kick the scorpion. You punch the scorpion!
The scorpion is severely wounded.
The scorpion stings you.
You closely miss the scorpion.
The scorpion is severely wounded.
The scorpion stings you!
You are poisoned.
The scorpion poisons you!
You barely miss the scorpion.
The scorpion is severely wounded.
You feel very sick. The scorpion barely misses you.
You barely miss the scorpion. You kick the scorpion.
The scorpion is almost dead.
You feel sick.
You puncture the scorpion!
You kill the scorpion!
You feel sick.
Your life force feels restored.
You puncture the butterfly!
You kill the butterfly!
The butterfly disappears in a burst of colours!
You feel sick.
You feel sick.
You feel sick.
The butterfly disappears in a burst of colours! x2
You feel sick.
Jeremiah mumbles a slurred invocation.
Something smites you!
You die...
Jeremiah wails, "I didn't mean to kill anyone!
I'm not a murderer!"

#.............
#.#####......# #.#
#....... #.# #..###.#
#.# #..# #.. ###.#
#..# ### #...# #..# #
##########.#######..#
........h...........#
#######.##.##########
#.##.# #.##.# #.##.#
..Fb......bb..b
...###b#####.##


bF bbb You could see Jeremiah.

Vanquished Creatures
  Pikel (D:4)
  Sigmund (D:4)
  Eustachio (D:4)
  Edmund (D:4)
  3 ogres
  A centaur (D:6)
  A phantom (D:5)
  3 scorpions
  2 bombardier beetles (D:5)
  4 hounds
  3 orc priests
  An iguana (D:5)
  3 orc wizards (D:4)
  9 adders
  A shadow imp (D:4)
  4 dart slugs
  A ribbon worm (D:4)
  16 orcs
  11 bats
  6 endoplasms
  6 giant cockroaches
  9 hobgoblins
  2 jackals (D:1)
  A quokka (D:3)
  9 ball pythons
  3 frilled lizards
  11 goblins
  7 kobolds
  29 rats
150 creatures vanquished.

Notes
Turn   | Place    | Note
-------+----------+-------------------------------------------
     0 | D:1      | Buffagor the Demonspawn Shapeshifter began the quest for
                  | the Orb.
     0 | D:1      | Reached XP level 1. HP: 15/15 MP: 1/1
   153 | D:1      | Gained mutation: You have a somewhat thin skeletal
                  | structure. (Dex +2, Stealth+) [demonic ancestry]
   153 | D:1      | Reached XP level 2. HP: 18/21 MP: 2/2
   295 | D:1      | Reached skill level 3 in Unarmed Combat
   700 | D:1      | Gained mutation: You have a moderately thin skeletal
                  | structure. (Dex +4, Stealth++) [demonic ancestry]
   700 | D:1      | Reached XP level 3. HP: 19/26 MP: 3/3
  1195 | D:2      | Identified the +6 short sword of the Thieving Gods {speed,
                  | Str+6 Stlth-}
  1355 | D:2      | Reached XP level 4. HP: 33/33 MP: 4/4
  1817 | D:2      | Found a faded altar of an unknown god.
  2504 | D:3      | Reached XP level 5. HP: 34/38 MP: 5/5
  2707 | D:3      | Reached skill level 4 in Unarmed Combat
  2958 | D:4      | Noticed a lemure
  2958 | D:4      | Noticed Pikel
  2959 | D:4      | Noticed a lemure
  2960 | D:4      | Noticed a lemure
  2962 | D:4      | Noticed a lemure
  2977 | D:4      | Killed Pikel
  2978 | D:4      | Reached skill level 5 in Unarmed Combat
  2978 | D:4      | Gained mutation: You regenerate magic rapidly. [demonic
                  | ancestry]
  2978 | D:4      | Reached XP level 6. HP: 12/47 MP: 6/6
  2978 | D:4      | Reached XP level 7. HP: 13/52 MP: 7/7
  3123 | D:4      | Noticed Sigmund
  3134 | D:4      | Killed Sigmund
  3304 | D:4      | Reached skill level 6 in Unarmed Combat
  3304 | D:4      | Gained mutation: You have large cloven feet. [demonic
                  | ancestry]
  3304 | D:4      | Reached XP level 8. HP: 11/60 MP: 8/8
  3847 | D:4      | Noticed Edmund
  3857 | D:4      | Killed Edmund
  4017 | D:4      | Noticed Eustachio
  4055 | D:4      | Killed Eustachio
  4167 | D:4      | Found a sparkling altar of Nemelex Xobeh.
  4724 | D:5      | Entered Level 5 of the Dungeon
  5209 | D:5      | Found a staircase to the Ecumenical Temple.
  5220 | Temple   | Entered the Ecumenical Temple
  5353 | D:5      | Reached skill level 7 in Unarmed Combat
  5379 | D:5      | Reached skill level 5 in Shapeshifting
  5568 | D:5      | Reached skill level 5 in Fighting
  5915 | D:6      | Reached skill level 5 in Dodging
  6091 | D:6      | Found Pisch's Weapon Emporium.
  6146 | D:6      | Reached XP level 9. HP: 68/68 MP: 9/9
  6172 | D:6      | Noticed Jeremiah
  6202 | D:6      | Killed from afar by Jeremiah

Illustrated notes

Levels and vault maps discovered:
D:1:      nzn_arrival_depleted_hourglass, layout_basic,
          amcnicky_mini_pool_small, minmay_cupped
D:2:      minmay_skewed_foursquare, layout_basic,
          dilly_ecumenical_altar_fadedgnrine
D:3:      layout_basic, serial_corexii_hall, corexii_hall_statues_x,
          corexii_hall_statues_deadend, minmay_rat_hole
D:4:      layout_layer_cave, mainiacjoe_overflow_alcove_1, uniq_pikel,
          uniq_eustachio, uniq_sigmund, uniq_edmund
D:5:      lemuel_ice_spiral_2, layout_basic, minmay_temple_entry_purple_smoke,
          minmay_starry_boxes
D:6:      layout_loops_ring, grunt_dithmenos_shadows, serial_shops, shop,
          uniq_jeremiah
Temple:   nicolae_temple_bog_church

Skill      XL: |  1  2  3  4  5  6  7  8 |
---------------+-------------------------+-----
Dodging        | 2 3 4 5 |  5.0
Unarmed Combat | 3 5 6 7 |  7.4
Shapeshifting  | 3 4 5 |  5.1
Fighting       | 2 3 4 5 |  5.2

Action                     |  1- 3 |  4- 6 |  7- 9 || total
---------------------------+-------+-------+-------++-------
  Melee: Unarmed           |    97 |       |       ||    97
         Punch             |     1 |     2 |    11 ||    14
         Short sword       |    11 |   102 |   158 ||   271
         Kick              |       |       |    30 ||    30
   Fire: Sling             |       |       |    32 ||    32
         Orcbow            |       |       |    16 ||    16
  Throw: Stone             |    23 |    32 |    51 ||   106
    Use: Potion            |       |       |     2 ||     2
   Stab: Sleeping          |     6 |     7 |       ||    13
 Armour: Animal skin       |    50 |    31 |    44 ||   125
         Skin              |       |       |    27 ||    27
  Dodge: Dodged            |    73 |    42 |    67 ||   182
